Map: [ESL] Ghost River

Players

Has - Winner!

  • Race: Protoss Protoss
  • Spawn Location: 1:00

Cyan

  • Race: Protoss Protoss
  • Spawn Location: 11:00

Event: ESL SC2 Masters 2024 Spring (Regional)

VOD

Have the link to the VOD?

Description

Time

  • Played on: April 14, 2024, 7:04 a.m.
  • Length: 7:17

All games in this series

Show
View Real Time Build Order
Export as new Build Order

Has Protoss - Winner!

Build Orders: Cannon Rush 

Get SALT Encoding   

  12  0:00  Probe  
  13  0:13  Probe  
  14  0:25  Probe  
  15  0:31  Pylon  
  15  0:49  Gateway  
  15  0:50  Gateway  
  15  0:57  Forge  
  15  1:11  Pylon  
  15  1:14  Pylon  
  15  1:29  Photon Cannon  
  15  1:34  Photon Cannon  
  15  1:37  Zealot (Chrono Boost)  
  17  1:43  Zealot (Chrono Boost)  
  19  1:52  Photon Cannon  
  19  1:55  Zealot (Chrono Boost)  
  19  1:59  Zealot  
  23  2:08  Photon Cannon  
  23  2:13  Photon Cannon  
  23  2:21  Zealot, Probe (Chrono Boost)  
  24  2:31  Assimilator  
  24  2:33  Probe (Chrono Boost)  
  24  2:36  Pylon x2  
  25  2:41  Probe (Chrono Boost)  
  25  2:54  Probe  
  23  3:00  Cybernetics Core  
  21  3:05  Pylon  
  21  3:06  Probe  
  20  3:13  Assimilator  
  20  3:18  Probe  
  21  3:30  Probe  
  22  3:35  Adept  
  22  3:36  Adept  
  26  3:42  Warp Gate  
  26  3:43  Probe  
  25  3:50  Shield Battery  
  25  3:55  Probe  
  26  4:05  Adept  
  26  4:06  Adept  
  30  4:27  Robotics Facility  
  28  4:33  Photon Cannon  
  28  4:40  Probe, Gateway  
  25  4:54  Probe  
  26  5:03  Gateway  
  26  5:04  Gateway  
  26  5:05  Pylon  
  26  5:15  Immortal (Chrono Boost)  
  26  5:20  Pylon  
  28  5:40  Sentry  
  30  5:43  Warp Prism (Chrono Boost)  
  30  5:46  Shield Battery  
  32  5:57  Sentry  
  32  5:58  Sentry  
  32  6:01  Pylon  
  36  6:05  Observer (Chrono Boost)  
  36  6:06  Stalker  
  39  6:31  Stalker x2  
  39  6:32  Stalker  
  45  6:56  Sentry, Stalker  
  45  6:57  Adept  
Show
View Real Time Build Order
Export as new Build Order

Cyan Protoss 

Build Orders:  

Get SALT Encoding   

  12  0:00  Probe  
  13  0:12  Probe  
  14  0:17  Pylon  
  14  0:24  Probe (Chrono Boost)  
  15  0:36  Probe (Chrono Boost), Gateway  
  16  0:44  Probe (Chrono Boost)  
  16  0:47  Assimilator  
  17  0:51  Probe  
  17  0:56  Assimilator  
  18  1:03  Probe (Chrono Boost)  
  19  1:08  Gateway  
  19  1:17  Probe (Chrono Boost)  
  19  1:21  Forge  
  19  1:24  Cybernetics Core  
  20  1:30  Zealot  
  22  1:40  Pylon  
  22  1:57  Photon Cannon  
  22  2:11  Photon Cannon  
  21  2:22  Adept (Chrono Boost)  
  16  2:30  Warp Gate  
  16  2:32  Probe  
  17  2:44  Probe  
  16  2:56  Probe  
  13  3:08  Probe  
  14  3:16  Stalker (Chrono Boost)  
  16  3:24  Probe  
  17  3:36  Probe  
  18  3:45  Stalker  
  20  3:49  Probe  
  21  4:01  Probe  
  22  4:06  Shield Battery  
  22  4:13  Probe  
  20  4:32  Stalker  
  22  4:45  Probe  
  19  4:57  Probe (Chrono Boost)  
  20  5:07  Probe (Chrono Boost)  
  20  5:12  Probe (Chrono Boost)  
  21  5:23  Probe (Chrono Boost)  
  22  5:31  Probe (Chrono Boost)  
  23  5:37  Probe  
  23  5:38  Robotics Facility  
  24  5:49  Probe  
  25  5:59  Gateway  
  25  6:02  Probe  
  26  6:07  Pylon  
  26  6:14  Probe  
  26  6:17  Stalker  
  29  6:26  Probe  
  30  6:38  Immortal (Chrono Boost)  
  34  6:55  Shield Battery  
  34  6:58  Stalker  
  30  7:06  Pylon  
Tags
 
Add a new tag
Caveats
  • Supply blocks, unpowered buildings, or Contaminate may cause inaccurate times.
  • Supply counts are checked every 10 seconds.